 Dungeon Crawl Stone Soup version 0.22.1-2-g9c5b331 (webtiles) character file.

199650 Clownie the Bludgeoner (level 19, -2/157 HPs)
             Began as a Formicid Fighter on Nov 29, 2018.
             Was the Champion of the Shining One.
             Splashed by a deep elf sorcerer's acid (10 damage)
             ... on level 3 of the Elven Halls.
             The game lasted 01:23:22 (28217 turns).

Clownie the Bludgeoner (Formicid Fighter)          Turns: 28217, Time: 01:23:23

Health: -2/157     AC: 21    Str: 32    XL:     19   Next: 65%
Magic:  2/26       EV: 11    Int:  9    God:    the Shining One [******]
Gold:   2512       SH: 20    Dex: 10    Spells: 18/18 levels left

rFire    . . .     SeeInvis +   h - +9 great mace
rCold    + . .     Gourm    .   c - +0 shield
rNeg     + + +     Faith    .   H - +2 chain mail {rC+}
rPois    +         Spirit   .   (helmet unavailable)
rElec    .         Reflect  .   t - +0 cloak {rPois}
rCorr    .         Harm     .   r - +1 pair of gloves {archery}
MR       +....                  I - +0 pair of boots
Stlth    ..........             b - amulet of regeneration
HPRegen  0.76/turn              (no ring)
MPRegen  0.20/turn              N - +4 ring of strength

@: lethally poisoned (-2 -> -2), glowing
A: permanent stasis, dig shafts and tunnels, four strong arms, antennae 3, large
bone plates 2, blurry vision 1, evolution 1
a: Dig, Shaft Self, Divine Shield, Cleansing Flame, Summon Divine Warrior, Brand
Weapon With Holy Wrath, Renounce Religion


You were on level 3 of the Elven Halls.
You worshipped the Shining One.
The Shining One was exalted by your worship.
You were very hungry.

You visited 4 branches of the dungeon, and saw 26 of its levels.
You also visited: Bailey.

You collected 3537 gold pieces.
You spent 1025 gold pieces at shops.

Inventory:

Hand Weapons
 h - a +9 great mace (weapon)
 l - a +1 arbalest of flaming
Missiles
 s - a throwing net (quivered)
Armour
 c - a +0 shield (worn)
 m - a scarf of repulsion
 r - a +1 pair of gloves of archery (worn)
 t - a +0 cloak of poison resistance (worn)
 H - a +2 chain mail of cold resistance (worn)
 I - a +0 pair of boots (worn)
 O - a +0 crystal plate armour
Jewellery
 b - an amulet of regeneration (around neck)
 d - an uncursed ring of stealth
 i - an uncursed amulet of harm
 p - an uncursed ring of ice
 y - a +2 ring of intelligence
 A - an uncursed amulet of magic regeneration
 K - an uncursed ring of magical power
 N - a +4 ring of strength (right hand)
 P - an uncursed ring of magical power
 Q - an uncursed ring of wizardry
 V - an uncursed ring of flight
 Z - an uncursed amulet of the gourmand
Wands
 a - a wand of disintegration (53)
 q - a wand of enslavement (12)
 u - a wand of polymorph (36)
 z - a wand of iceblast (14)
 F - a wand of flame (105)
 J - a wand of paralysis (28)
 U - a wand of acid (24)
Scrolls
 e - 7 scrolls of amnesia
 g - 14 scrolls of remove curse
 j - a scroll of enchant weapon
 w - a scroll of summoning
 B - 7 scrolls of fog
 C - 2 scrolls of silence
 G - 2 scrolls of enchant armour
 L - 13 scrolls of identify
 R - 2 scrolls of immolation
 S - 4 scrolls of fear
 W - a scroll of magic mapping
 X - a scroll of holy word
Potions
 k - 10 potions of curing
 n - a potion of cancellation
 o - 7 potions of flight
 x - 2 potions of magic
 D - a potion of brilliance
 E - 3 potions of resistance
 M - a potion of ambrosia
 T - 3 potions of agility
Comestibles
 f - 25 rations


   Skills:
 + Level 15.8 Fighting
 + Level 19.2 Maces & Flails
 + Level 14.9 Armour
 - Level 5.1 Dodging
 + Level 13.5 Shields
 - Level 10.3 Invocations
 - Level 6.0 Evocations


You had 18 spell levels left.
You didn't know any spells.
Your spell library contained the following spells:

 Spells                   Type           Power        Failure   Level  Hunger
 Animate Skeleton         Necr           N/A          77%         1    ##.....
 Apportation              Tloc           #.....       77%         1    ##.....
 Confusing Touch          Hex            #.....       77%         1    ##.....
 Corona                   Hex            #......      77%         1    ##.....
 Flame Tongue             Conj/Fire      #....        77%         1    ##.....
 Freeze                   Ice            #...         77%         1    ##.....
 Pain                     Necr           #...         77%         1    ##.....
 Sting                    Conj/Pois      #...         77%         1    ##.....
 Summon Small Mammal      Summ           #...         77%         1    ##.....
 Poisonous Vapours        Pois/Air       #.....       88%         2    ###....
 Slow                     Hex            #.......     88%         2    ###....
 Throw Flame              Conj/Fire      #.....       88%         2    ###....
 Throw Frost              Conj/Ice       #.....       88%         2    ###....
 Confuse                  Hex            #.......     98%         3    ####...
 Conjure Flame            Conj/Fire      #.......     98%         3    ####...
 Dazzling Spray           Conj/Hex       #.....       98%         3    ####...
 Gell's Gravitas          Tloc           #.........   98%         3    ####...
 Inner Flame              Hex/Fire       #.......     98%         3    ####...
 Mephitic Cloud           Conj/Pois/Air  #.......     98%         3    ####...
 Ozocubu's Armour         Chrm/Ice       #.......     98%         3    ####...
 Portal Projectile        Hex/Tloc       #.....       98%         3    ####...
 Regeneration             Chrm/Necr      #.........   98%         3    ####...
 Vampiric Draining        Necr           #.........   98%         3    ####...
 Animate Dead             Necr           N/A          100%        4    #####..
 Cause Fear               Hex            #.........   100%        4    #####..
 Iskenderun's Mystic Bla  Conj           #.......     100%        4    #####..
 Leda's Liquefaction      Hex/Erth       #.........   100%        4    #####..
 Olgreb's Toxic Radiance  Pois           #.......     100%        4    #####..
 Petrify                  Tmut/Erth      #.......     100%        4    #####..
 Sticky Flame             Conj/Fire      #.......     100%        4    #####..
 Summon Ice Beast         Ice/Summ       #.......     100%        4    #####..
 Summon Lightning Spire   Summ/Air       #.......     100%        4    #####..
 Throw Icicle             Conj/Ice       #.......     100%        4    #####..
 Bolt of Draining         Conj/Necr      #.........   100%        5    ######.
 Fireball                 Conj/Fire      #.........   100%        5    ######.
 Metabolic Englaciation   Hex/Ice        #.........   100%        5    ######.
 Silence                  Hex/Air        #.........   100%        5    ######.
 Summon Mana Viper        Hex/Summ       #.......     100%        5    ######.
 Venom Bolt               Conj/Pois      #.........   100%        5    ######.
 Yara's Violent Unravell  Hex/Tmut       #.........   100%        5    ######.
 Conjure Ball Lightning   Conj/Air       #.........   100%        6    #######
 Deflect Missiles         Chrm/Air       #.........   100%        6    #######
 Tornado                  Air            #.........   100%        9    #######


Dungeon Overview and Level Annotations

Branches:
Dungeon (15/15)            Temple (0/1) D:5            Lair (6/6) D:9
 Shoals (0/4) Lair:3       Spider (0/4) Lair:4        Slime (0/5) Lair:6
    Orc (2/2) D:9             Elf (3/3) Orc:2        Vaults (0/5) D:14
 Depths (0/5) D:15

Altars:
Cheibriados
Elyvilon
Fedhas
Hepliaklqana
Kikubaaqudgha
Okawaru
Sif Muna
Trog
Vehumet
Xom
Yredelemnul
The Shining One
Beogh
Jiyva

Shops:
D:4 [   D:14 !   D:15 !%*::   Orc:2 :(*[

Portals:
Trove: Elf:3 (give +4 storm dragon scales)

Annotations:
Lair:6 1 runed door


Innate Abilities, Weirdness & Mutations

You cannot be hasted, slowed, berserked, paralysed or teleported.
You can dig through walls and to a lower floor.
Your four strong arms can wield two-handed weapons with a shield.
You have a pair of large antennae on your head. (SInv)
You are mostly covered in large bone plates. (SH +6)
Scrolls take you a little longer to read.
You evolve.


Message History

You hear a shout!
You feel sick.
The deep elf annihilator casts a spell.
The deep elf annihilator blinks!
The deep elf annihilator gestures at you while chanting.
The bolt of lightning hits you!
* * * LOW HITPOINT WARNING * * *
A deep elf elementalist comes into view.
It is wielding a short sword.
You hear a shout!
Okay, then.
You feel sick.
Your angel hits the deep elf annihilator with a whip of holy wrath! x2
The deep elf annihilator misses your angel.
Your angel hits the deep elf annihilator with a whip of holy wrath!
Your angel closely misses the deep elf annihilator.
The deep elf sorcerer casts a spell at you.
The bolt of acid hits you!
* * * LOW HITPOINT WARNING * * *
You are splashed with acid!
The acid burns!
You die...

... ##(...# { ..#
....#.(...# #..#
#...###.).## { ...#
#.... #))..# { )..##.
##...# ###)ยง.... ##..#
####ee))..[.
...#...#####.)(eA##....
..............(()## #
##...........@###)...#
####.............####
###############


You could see a deep elf annihilator, a deep elf sorcerer, a deep elf
elementalist and a friendly angel.

Vanquished Creatures
  A deep elf blademaster (Elf:2)
  Gastronok (D:11)
  4 deep elf sorcerers
  2 orc warlords
  A deep elf elementalist (Elf:3)
  A stone giant (D:9)
  A deep elf demonologist (Elf:3)
  4 deep elf annihilators (Elf:3)
  4 deep elf death magi
  Josephine (Orc:2)
  A deep elf high priest (Elf:3)
  A yaktaur captain (D:15)
  Harold (D:8)
  9 hydras
  A rakshasa (D:12)
  5 vault guards (D:14)
  2 catoblepae
  4 centaur warriors
  An ogre mage (D:15)
  6 two-headed ogres
  8 death yaks (Lair:6)
  A deep troll shaman (Lair:6)
  2 small abominations (Elf:3)
  23 dancing weapons
  An orc high priest (Orc:2)
  10 deep elf knights
  The ghost of Lew the Cleaver, a novice HOFi of Beogh (D:5)
  A fire crab (shapeshifter) (Elf:3)
  A fire crab (Lair:5)
  The ghost of jombi the Grappler, a novice DrTm of Wu Jian (Lair:1)
  An unseen horror (D:14)
  9 skeletal warriors (D:14)
  2 wizards (D:14)
  5 deep elf archers
  5 orc knights
  A lindwurm (Lair:6)
  Pikel (D:8)
  51 deep elf magi
  An oklob plant (Lair:5)
  5 ugly things
  6 manticores
  A salamander (shapeshifter) (D:15)
  5 orc sorcerers
  4 cyclopes
  3 merfolk sirens (Lair:3)
  13 elephants
  5 black mambas
  2 gargoyles
  12 spiny frogs
  A torpor snail (Lair:2)
  A yaktaur (D:15)
  2 rime drakes
  9 komodo dragons
  2 freezing wraiths
  An efreet (D:15)
  2 jumping spiders (Lair:4)
  7 trolls
  A queen bee (D:8)
  5 polar bears
  A merfolk (Lair:3)
  5 slime creatures
  2 hornets
  3 blink frogs (Lair:3)
  5 dream sheep
  10 hippogriffs
  A redback (Lair:4)
  4 air elementals
  45 yaks
  A vampire (D:15)
  3 shadows
  4 wraiths
  3 fire elementals (Elf:2)
  4 water elementals
  A human (D:14)
  3 wyverns
  A hungry ghost (D:12)
  A golden eye (shapeshifter) (D:15)
  A basilisk (Lair:3)
  3 steam dragons
  2 vampire mosquitoes (D:12)
  6 wargs
  22 water moccasins
  3 black bears
  2 ice beasts
  9 porcupines
  47 orc warriors
  6 sky beasts
  An eye of draining (D:9)
  A slave (D:8)
  2 phantoms
  17 ogres
  7 centaurs
  16 crocodiles
  9 wolves
  A gnoll sergeant (D:9)
  16 bullfrogs
  3 earth elementals
  7 scorpions
  A wyvern skeleton (D:13)
  22 killer bees
  21 wights
  5 howler monkeys (D:14)
  5 electric eels
  8 crimson imps
  3 bullfrog skeletons
  2 quasits
  Crazy Yiuf (D:4)
  2 bullfrog zombies
  3 centaur zombies
  3 centaur skeletons
  7 hounds
  5 jellies
  13 orc priests
  3 iguanas
  Terence (D:2)
  2 hell rats (Lair:6)
  Natasha (thrice) (D:4)
  32 orc wizards
  6 worker ants
  A hound zombie (D:7)
  4 hound skeletons (D:5)
  A howler monkey skeleton (D:7)
  17 gnolls
  7 adders
  6 river rats
  4 shadow imps
  An adder zombie (D:5)
  An adder skeleton (D:9)
  4 worms
  4 dart slugs
  8 leopard geckos
  103 orcs
  2 ball pythons
  9 giant cockroaches
  22 goblins
  25 hobgoblins
  8 jackals
  4 quokkas
  5 bats
  4 frilled lizards
  6 kobolds
  A leopard gecko skeleton (D:9)
  10 rats
  A bush (Lair:5)
  A fungus (Lair:5)
  4 plants
952 creatures vanquished.

Vanquished Creatures (collateral kills)
  A deep elf master archer (Elf:3)
  A deep elf elementalist (Elf:3)
  A deep elf demonologist (Elf:3)
  A deep elf annihilator (Elf:3)
  2 deep elf high priests (Elf:3)
  3 deep elf magi (Elf:3)
  A gnoll (D:4)
  A crawling corpse (Elf:3)
11 creatures vanquished.

Vanquished Creatures (others)
  A deep elf archer (Elf:3)
  A deep elf mage (Elf:1)
  An orc warrior (Orc:2)
  3 slaves (D:8)
  A hell rat (Lair:6)
  A gnoll (D:4)
  A river rat (Lair:6)
  4 fungi (Lair:6)
  5 plants
18 creatures vanquished.

Grand Total: 981 creatures vanquished

Notes
Turn   | Place    | Note
-------+----------+-------------------------------------------
     0 | D:1      | Clownie the Formicid Fighter began the quest for the Orb.
     0 | D:1      | Reached XP level 1. HP: 18/18 MP: 1/1
   113 | D:1      | Reached XP level 2. HP: 21/24 MP: 2/2
   321 | D:1      | Reached XP level 3. HP: 24/29 MP: 3/3
   883 | D:2      | Found a white marble altar of Elyvilon.
   911 | D:2      | Found a deep blue altar of Sif Muna.
   925 | D:2      | Noticed Terence
   934 | D:2      | Killed Terence
   934 | D:2      | Reached XP level 4. HP: 34/37 MP: 4/4
  1040 | D:2      | Reached skill level 3 in Maces & Flails
  1162 | D:2      | Found a shimmering altar of Xom.
  1418 | D:2      | Reached XP level 5. HP: 42/42 MP: 5/5
  1804 | D:3      | Reached skill level 4 in Maces & Flails
  1811 | D:3      | Found a glowing golden altar of the Shining One.
  1905 | D:3      | Reached XP level 6. HP: 48/48 MP: 6/6
  2118 | D:3      | Found an ancient bone altar of Kikubaaqudgha.
  2122 | D:3      | Found a hazy altar of Hepliaklqana.
  2206 | D:3      | Became a worshipper of the Shining One
  2232 | D:4      | Noticed Natasha
  2240 | D:4      | Killed Natasha
  2240 | D:4      | Reached skill level 5 in Shields
  2753 | D:4      | Noticed a phantom
  3078 | D:4      | Killed a phantom
  3078 | D:4      | Reached skill level 1 in Dodging
  3199 | D:4      | Found Otsam's Antique Armour Shoppe.
  3230 | D:4      | Found a runed door.
  3282 | D:4      | Reached XP level 7. HP: 54/54 MP: 7/7
  3463 | D:4      | Noticed Natasha
  3470 | D:4      | Killed Natasha
  3593 | D:4      | Noticed Natasha
  3606 | D:4      | Killed Natasha
  3606 | D:4      | Reached skill level 1 in Invocations
  3794 | D:4      | Noticed Crazy Yiuf
  3799 | D:4      | Killed Crazy Yiuf
  3960 | D:5      | Entered Level 5 of the Dungeon
  3960 | D:5      | Reached * piety under the Shining One
  3973 | D:5      | Reached skill level 1 in Evocations
  4079 | D:5      | Noticed Lew's ghost (novice HOFi)
  4164 | D:5      | Found a runed gate.
  4164 | D:5      | Found a runed gate.
  4164 | D:5      | Found a runed gate.
  4218 | D:5      | Found a staircase to the Ecumenical Temple.
  4256 | D:5      | Reached XP level 8. HP: 61/61 MP: 9/9
  4372 | D:5      | Reached skill level 5 in Armour
  4562 | D:4      | Gained mutation: You are weak. (Str -2) [potion of
                  | mutation]
  4562 | D:4      | Gained mutation: You are covered in fur. (AC +1) [potion of
                  | mutation]
  4562 | D:4      | Gained mutation: You are resistant to hostile enchantments.
                  | (MR+) [potion of mutation]
  4602 | D:5      | Killed Lew's ghost
  4602 | D:5      | Reached skill level 5 in Fighting
  4602 | D:5      | Reached skill level 5 in Maces & Flails
  4602 | D:5      | Reached XP level 9. HP: 34/68 MP: 9/11
  4857 | D:6      | Found an iron altar of Okawaru.
  4862 | D:6      | Found a snail-covered altar of Cheibriados.
  4869 | D:6      | Found a radiant altar of Vehumet.
  5396 | D:6      | Reached ** piety under the Shining One
  5705 | D:6      | Found a basalt altar of Yredelemnul.
  5705 | D:6      | Found a shimmering altar of Xom.
  6147 | D:7      | Found a glowing golden altar of the Shining One.
  6177 | D:7      | Reached skill level 6 in Maces & Flails
  6897 | D:8      | Reached XP level 10. HP: 42/77 MP: 8/12
  6942 | D:8      | Reached skill level 7 in Maces & Flails
  7018 | D:8      | Noticed Pikel
  7033 | D:8      | Killed Pikel
  7221 | D:8      | Reached skill level 8 in Maces & Flails
  7259 | D:8      | Reached *** piety under the Shining One
  7336 | D:8      | Noticed Harold
  7357 | D:8      | Killed Harold
  7818 | D:8      | Reached skill level 9 in Maces & Flails
  7824 | D:8      | Reached XP level 11. HP: 69/84 MP: 13/13
  8091 | D:8      | Reached skill level 10 in Armour
  8297 | D:9      | Found a staircase to the Lair.
  8383 | D:9      | Reached **** piety under the Shining One
  8390 | D:9      | Reached skill level 10 in Maces & Flails
  8582 | D:9      | Found a staircase to the Orcish Mines.
  9024 | Orc:1    | Entered Level 1 of the Orcish Mines
  9128 | Orc:1    | Found a flagged portal.
  9143 | Bailey   | Entered a bailey
  9502 | Bailey   | Noticed an orc warlord
  9509 | Bailey   | Killed an orc warlord
  9509 | Bailey   | Reached skill level 11 in Maces & Flails
  9509 | Bailey   | Reached XP level 12. HP: 91/91 MP: 14/14
  9728 | Orc:1    | Identified a scroll of acquirement
  9878 | Orc:1    | Noticed a stone giant
 10315 | Lair:1   | Entered Level 1 of the Lair of Beasts
 10385 | Lair:1   | Lost mutation: You are covered in fur. (AC +1) [potion of
                  | mutation]
 10385 | Lair:1   | Lost mutation: You are weak. (Str -2) [potion of mutation]
 10385 | Lair:1   | Lost mutation: You are resistant to hostile enchantments.
                  | (MR+) [potion of mutation]
 10385 | Lair:1   | Gained mutation: You expend magic power (3 MP) to
                  | strengthen your wands. [potion of mutation]
 10385 | Lair:1   | Gained mutation: You are partially covered in thin metallic
                  | scales. (AC +2) [potion of mutation]
 10385 | Lair:1   | Gained mutation: You are partially covered in large bone
                  | plates. (SH +4) [potion of mutation]
 10386 | Lair:1   | Lost mutation: You expend magic power (3 MP) to strengthen
                  | your wands. [potion of mutation]
 10386 | Lair:1   | Gained mutation: Your muscles are strong. (Str +2) [potion
                  | of mutation]
 10386 | Lair:1   | Gained mutation: Your spells are a little harder to cast,
                  | but a little more powerful. [potion of mutation]
 10484 | Lair:1   | Reached skill level 12 in Maces & Flails
 10530 | Lair:1   | Found a runed gate.
 10532 | Lair:1   | Found a runed gate.
 10532 | Lair:1   | Found a viscous altar of Jiyva.
 10532 | Lair:1   | Found a runed gate.
 10532 | Lair:1   | Noticed jombi's ghost (novice DrTm)
 10889 | Lair:1   | Reached skill level 5 in Evocations
 10889 | Lair:1   | Reached XP level 13. HP: 79/99 MP: 14/17
 11312 | Lair:1   | Killed jombi's ghost
 11744 | Lair:2   | Reached skill level 13 in Maces & Flails
 11820 | Lair:2   | Noticed a four-headed hydra
 11827 | Lair:2   | Killed a four-headed hydra
 11989 | Lair:2   | Reached skill level 14 in Maces & Flails
 12324 | Lair:2   | Reached XP level 14. HP: 108/108 MP: 19/19
 12718 | D:9      | Got a brightly glowing chain mail
 12729 | D:9      | Identified the cursed +1 chain mail of Beyond {*Drain rElec
                  | MR+ Int+7} (You found it on level 9 of the Dungeon)
 12883 | Lair:3   | Found a staircase to the Shoals.
 13000 | Lair:3   | Reached skill level 15 in Maces & Flails
 14407 | Lair:4   | Found a hole to the Spider Nest.
 14979 | Orc:1    | Identified the Guide on Attacks
 15038 | Orc:2    | Entered Level 2 of the Orcish Mines
 15087 | Orc:2    | Noticed Josephine
 15092 | Orc:2    | Reached ***** piety under the Shining One
 15097 | Orc:2    | Killed Josephine
 15099 | Orc:2    | Reached skill level 16 in Maces & Flails
 15137 | Orc:2    | Found a staircase to the Elven Halls.
 15643 | Orc:2    | Noticed an orc warlord
 15699 | Orc:2    | Killed an orc warlord
 15900 | Orc:2    | Found a roughly hewn altar of Beogh.
 16175 | Orc:2    | Found Uvustriar's General Store.
 16187 | Orc:2    | Found Mechow's Antique Armour Shoppe.
 16202 | Orc:2    | Found Jibbodaw's Book Shoppe.
 16327 | Orc:2    | Reached skill level 10 in Invocations
 16397 | Orc:2    | Found Ludgh's Antique Weapon Shoppe.
 16564 | Orc:2    | Bought a pair of glowing gloves for 247 gold pieces
 16638 | D:9      | Killed a stone giant
 16742 | D:10     | Entered Level 10 of the Dungeon
 17442 | D:11     | Noticed Gastronok
 17456 | D:11     | Killed Gastronok
 17456 | D:11     | Reached XP level 15. HP: 115/115 MP: 22/22
 17646 | D:11     | Reached skill level 10 in Fighting
 18173 | D:12     | Identified the Papyrus of Malediction and Clay
 18412 | D:12     | Found a snail-covered altar of Cheibriados.
 20464 | Lair:5   | Found a blossoming altar of Fedhas.
 21432 | Lair:6   | Entered Level 6 of the Lair of Beasts
 21657 | Lair:6   | Reached ****** piety under the Shining One
 21883 | Lair:6   | Reached skill level 17 in Maces & Flails
 21885 | Lair:6   | Reached XP level 16. HP: 131/131 MP: 23/23
 22516 | Lair:6   | Found a runed door.
 22526 | Lair:6   | Found a viscous altar of Jiyva.
 22526 | Lair:6   | Found a staircase to the Slime Pits.
 23506 | D:14     | Reached skill level 10 in Shields
 23881 | D:14     | Found a gate to the Vaults.
 23884 | D:14     | Reached skill level 18 in Maces & Flails
 23996 | D:14     | Found Xuixolud's Distillery.
 24015 | D:14     | Bought a potion of mutation for 96 gold pieces
 24015 | D:14     | Bought a potion of heal wounds for 60 gold pieces
 24015 | D:14     | Lost mutation: Your muscles are strong. (Str +2) [potion of
                  | mutation]
 24015 | D:14     | Lost mutation: You are partially covered in thin metallic
                  | scales. (AC +2) [potion of mutation]
 24015 | D:14     | Lost mutation: Your spells are a little harder to cast, but
                  | a little more powerful. [potion of mutation]
 24015 | D:14     | Gained mutation: You are robust. (+10% HP) [potion of
                  | mutation]
 24245 | D:15     | Entered Level 15 of the Dungeon
 24245 | D:15     | Found Qatohel's Book Emporium.
 24254 | D:15     | Found Amanil's Book Shop.
 24314 | D:15     | Reached XP level 17. HP: 124/151 MP: 24/24
 24350 | D:15     | Found a bloodstained altar of Trog.
 24466 | D:15     | Found Seduliur's Food Emporium.
 24553 | D:15     | Found Woima's General Store.
 24589 | D:15     | Bought a potion of resistance for 160 gold pieces
 24766 | D:15     | Reached skill level 5 in Dodging
 24766 | D:15     | Reached XP level 18. HP: 160/160 MP: 25/25
 24780 | D:15     | Found Gawoxeuf's Distillery.
 24804 | D:15     | Bought 2 potions of agility for 112 gold pieces
 24804 | D:15     | Bought a potion of resistance for 140 gold pieces
 24804 | D:15     | Bought 2 potions of heal wounds for 140 gold pieces
 24804 | D:15     | Bought a potion of heal wounds for 70 gold pieces
 24897 | D:15     | Found a staircase to the Depths.
 25109 | Elf:1    | Entered Level 1 of the Elven Halls
 25967 | Elf:1    | Lost mutation: You are robust. (+10% HP) [potion of
                  | mutation]
 25967 | Elf:1    | Gained mutation: You are mostly covered in large bone
                  | plates. (SH +6) [potion of mutation]
 25967 | Elf:1    | Gained mutation: You evolve. [potion of mutation]
 25969 | Elf:1    | Identified Hah Pih's Volume of Supportive Blows and Bruises
 26189 | Elf:2    | Found a radiant altar of Vehumet.
 26244 | Elf:2    | Found a runed gate.
 26244 | Elf:2    | Found a runed gate.
 26244 | Elf:2    | Found a runed gate.
 26448 | Elf:2    | Reached skill level 15 in Fighting
 26680 | Elf:2    | Noticed a deep elf blademaster
 26711 | Elf:2    | Killed a deep elf blademaster
 26711 | Elf:2    | Reached XP level 19. HP: 64/155 MP: 24/26
 27088 | Elf:2    | Reached skill level 19 in Maces & Flails
 27359 | Elf:3    | Entered Level 3 of the Elven Halls
 27401 | Elf:3    | Found a portal to a secret trove of treasure.
 27647 | Elf:3    | Gained mutation: Scrolls take you a little longer to read.
                  | [evolution]
 28180 | Elf:3    | Noticed a Brimstone Fiend
 28190 | Elf:3    | Noticed a Tzitzimitl
 28217 | Elf:3    | Splashed by a deep elf sorcerer's acid

Skill      XL: |  1  2  3  4  5  6  7  8  9 10 11 12 13 14 15 16 17 18 19 |
---------------+----------------------------------------------------------+-----
Shields        | 4 5 6 7 9 10 11 12 13 | 13.5
Maces & Flails | 3 4 5 6 9 11 12 14 16 17 18 19 | 19.2
Armour         | 4 5 6 9 11 12 13 14 | 14.9
Fighting       | 4 5 6 7 8 9 13 14 15 | 15.8
Dodging        | 1 4 5 |  5.1
Invocations    | 1 3 6 7 10 | 10.3
Evocations     | 1 2 5 6 |  6.0

Action                   |  1- 3 |  4- 6 |  7- 9 | 10-12 | 13-15 | 16-18 | 19-21 || total
-------------------------+-------+-------+-------+-------+-------+-------+-------++-------
Melee: Flail             |   135 |   184 |   114 |       |       |       |       ||   433
       Unarmed           |       |       |     9 |       |       |       |       ||     9
       Great mace        |       |       |   168 |   528 |  1018 |   730 |   128 ||  2572
Throw: Throwing net      |       |       |       |       |     2 |       |       ||     2
Invok: Divine Shield     |       |       |     1 |     4 |     6 |     2 |       ||    13
       Cleansing Flame   |       |       |       |       |     1 |       |     2 ||     3
       Summon Divine War |       |       |       |       |       |       |     2 ||     2
 Abil: Dig               |       |       |     4 |     5 |     9 |    10 |     1 ||    29
Evoke: Wand              |       |     3 |       |       |     1 |       |     5 ||     9
  Use: Scroll            |       |       |    11 |     8 |    14 |     9 |       ||    42
       Potion            |       |       |     6 |     8 |     7 |     3 |     6 ||    30
  Eat: Chunk             |       |     7 |     9 |     5 |    19 |     9 |     2 ||    51
       Ration            |       |       |     1 |     3 |     6 |     2 |     1 ||    13
Armor: Scale mail        |    65 |       |       |       |       |       |       ||    65
       Chain mail        |       |    80 |    97 |   252 |   379 |   178 |    33 ||  1019
       Skin              |       |       |    18 |    20 |       |       |       ||    38
Dodge: Dodged            |    58 |    54 |    83 |   168 |   229 |   131 |    24 ||   747
Block: Shield            |    69 |    90 |   148 |   433 |   710 |   423 |    91 ||  1964
